 Dungeon Crawl Stone Soup version 0.31-a0-618-g7ca08c1ff9 (webtiles) character file.

Game seed: 3952761666626033824

48 thirtiethelement the Chopper (level 3, -2/28 HPs)
             Began as a Demonspawn Gladiator on Aug 23, 2023.
             Slain by a gnoll
             ... wielding a +0 spear
              (7 damage)
             ... on level 2 of the Dungeon.
             The game lasted 00:02:16 (805 turns).

thirtiethelement the Chopper (Demonspawn Gladiator)  Turns: 805, Time: 00:02:17

Health: -2/28      AC:  4    Str: 16    XL:     3   Next: 50%
Magic:  3/3        EV: 12    Int:  9    God:
Gold:   104        SH:  0    Dex: 14    Spells: 1/2 levels left

rFire   . . .        a - +0 war axe
rCold   . . .        (no shield)
rNeg    . . .        b - +0 leather armour
rPois   .            c - +0 helmet
rElec   .            (no cloak)
rCorr   .            (no gloves)
SInv    .            (no boots)
Will    .....        (no amulet)
Stlth   +            (no ring)
HPRegen 0.24/turn    (no ring)
MPRegen 0.08/turn

%: no passive effects
@: no status effects
A: demonic guardian 2
a: no special abilities


You were on level 2 of the Dungeon.
You visited 1 branch of the dungeon, and saw 2 of its levels.

You collected 104 gold pieces.

Inventory:

Hand Weapons
 a - a +0 war axe (weapon)
Missiles
 d - 3 throwing nets
 e - a javelin
 i - 2 boomerangs (quivered)
 k - 2 atropa-tipped darts
 m - 4 poisoned darts
Armour
 b - a +0 leather armour (worn)
 c - a +0 helmet (worn)
Scrolls
 f - a scroll of fear {unknown}
 g - a scroll of enchant armour {unknown}
 h - a scroll of enchant weapon {unknown}
 j - 2 scrolls of identify {unknown}
 l - 2 scrolls of silence {unknown}
 n - a scroll of noise {unknown}


   Skills:
 + Level 2.3 Fighting
 + Level 3.4 Axes
 + Level 2.1 Throwing
 + Level 0.1 Armour
 + Level 3.0 Dodging


You had one spell level left.
You knew the following spells:

 Your Spells              Type           Power      Damage    Failure   Level
a - Sting                 Tmut/Pois      0%         1d3       45%         1

Your spell library contained the following spells:

 Spells                   Type           Power      Damage    Failure   Level
 Poisonous Vapours        Pois/Air       0%         N/A       58%         2
 Olgreb's Toxic Radiance  Pois           0%         N/A       99%         4


Dungeon Overview and Level Annotations

Branches:
Dungeon (2/15)

Altars:


Innate Abilities, Weirdness & Mutations

A demonic guardian rushes to your aid.


Message History

The boomerang hits the gnoll and shatters for extra damage.
The gnoll is moderately wounded.
Throw: 2 boomerangs
Press: ? - help, Q - select action, (/) - cycle Shift-Dir - straight line, f/p - gnoll
Aim: a gnoll, wielding a +0 spear (moderately wounded, 61% to hit)
You throw a boomerang. The boomerang hits the gnoll.
The gnoll is heavily wounded.
The gnoll hits you from afar with a +0 spear.
The gnoll hits you but does no damage.
You barely miss the gnoll.
The gnoll is heavily wounded.
The gnoll hits you with a +0 spear.
You slash the gnoll!
The gnoll is severely wounded.
The gnoll hits you from afar with a +0 spear.
You barely miss the gnoll.
The gnoll is severely wounded.
The gnoll hits you with a +0 club. The gnoll hits you but does no damage.
The gnoll hits you with a +0 club. The gnoll attacks as it pursues you!
The gnoll hits you with a +0 club. The gnoll attacks as it pursues you!
The gnoll hits you with a +0 club.
There is an open door here.
The gnoll attacks as it pursues you! The gnoll completely misses you.
Throw: 2 boomerangs
Press: ? - help, Q - select action, (/) - cycle Shift-Dir - straight line, f/p - gnoll
Aim: a gnoll, wielding a +0 spear (heavily wounded, 61% to hit)
You throw a boomerang.
The boomerang hits the gnoll but does no damage.
The gnoll is severely wounded.
You barely miss the gnoll.
The gnoll is severely wounded.
The gnoll closely misses you. The gnoll hits you with a +0 club.
The gnoll barely misses you.
You closely miss the gnoll.
The gnoll is severely wounded.
The gnoll hits you with a +0 club.
* * * LOW HITPOINT WARNING * * *
A demonic guardian appears!
The gnoll hits you from afar with a +0 spear!
You die...

................###########.#
##
................'...........#
................#############
.........####..##
.........####..#
####...........##
#............##
#.............#
#...........#@###
#...........#g4.#
#######..(..###g# ########
#####.# #g###......# #.#
#..##......# #.# ##..#......#
#.# ##.'......# #.#
###......# #.# #......#


You could see 3 gnolls and a friendly rust devil (summoned).

Vanquished Creatures
  An adder (D:2)
  4 dart slugs (D:1)
  2 ball pythons
  3 bats
  4 endoplasms (D:1)
  3 giant cockroaches
  3 goblins
  2 hobgoblins (D:1)
  A quokka (D:1)
  3 frilled lizards (D:1)
  2 kobolds (D:1)
28 creatures vanquished.

Notes
Turn   | Place    | Note
-------+----------+-------------------------------------------
     0 | D:1      | thirtiethelement the Demonspawn Gladiator began the quest
                  | for the Orb.
     0 | D:1      | Reached XP level 1. HP: 16/16 MP: 1/1
    89 | D:1      | Gained mutation: A weak demonic guardian rushes to your
                  | aid. [demonic ancestry]
    89 | D:1      | Reached XP level 2. HP: 17/22 MP: 2/2
   356 | D:1      | Gained mutation: A demonic guardian rushes to your aid.
                  | [demonic ancestry]
   356 | D:1      | Reached XP level 3. HP: 28/28 MP: 3/3
   724 | D:2      | Learned a level 1 spell: Sting
   805 | D:2      | Slain by a gnoll

Illustrated notes

Levels and vault maps discovered:
D:1:      saegor_arrival_miasma, layout_rooms
D:2:      layout_basic, minmay_tall_x

Skill      XL: |  1  2 |
---------------+-------+-----
Axes           | 3 |  3.4
Dodging        | 3 |  3.0
Throwing       | 2 |  2.1
Fighting       | |  2.3
Armour         | |  0.1

Action                     || total
---------------------------++-------
  Melee: War axe           ||    61
  Throw: Boomerang         ||    20
 Armour: Leather armour    ||    19
  Dodge: Dodged            ||    51

Table legend: (Time is in decaauts)
 A = Elapsed time spent in this place.
 B = Non-inter-level travel time spent in this place.
 C = Inter-level travel time spent in this place.
 D = Time resting spent in this place.
 E = Time spent auto-exploring this place.
 F = Levels seen in this place.
 G = Mean time per level.
                   A        B        C        D        E       F      G
               +--------+--------+--------+--------+--------+-----+--------+
         Total |    830 |    804 |     26 |      0 |    541 |   2 |  415.0 |
       Dungeon |    830 |    804 |     26 |      0 |    541 |   2 |  415.0 |
               +--------+--------+--------+--------+--------+-----+--------+

Top non-repeatable levels by time:
     D:1: 552 daAuts
     D:2: 277 daAuts
